 Dungeon Crawl Stone Soup version 0.27-a0-1325-g58a489ad9e (webtiles) character file.

Game seed: 17342757963338288935

96030 27snakeeyes612 the Warrior (level 15, -2/145 HPs)
             Began as a Minotaur Berserker on June 24, 2021.
             Was the Champion of Trog.
             Slain by tape's ghost (8 damage)
             ... while petrified by a basilisk
             ... on level 6 of the Lair of Beasts.
             The game lasted 00:15:11 (16316 turns).

27snakeeyes612 the Warrior (Minotaur Berserker)    Turns: 16316, Time: 00:15:12

Health: -2/145     AC: 21    Str: 26    XL:     15   Next: 68%
Magic:  19/19      EV:  2    Int:  4    God:    Trog [******]
Gold:   2132       SH:  0    Dex: 12    Spells: 14/14 levels left

rFire    + . .     SeeInvis .   X - +4 broad axe (flame)
rCold    . . .     Faith    .   (no shield)
rNeg     + + +     Spirit   .   v - +0 chain mail
rPois    ∞         Reflect  .   (helmet restricted)
rElec    .         Harm     .   p - +1 cloak
rCorr    .         Rampage  .   F - +0 pair of gloves
Will     +....                  (no boots)
Stlth    ..........             l - amulet "Maankud" {rN++ Regen+}
HPRegen  1.34/turn              G - +4 ring of protection
MPRegen  0.16/turn              k - ring of protection from fire

@: lethally poisoned (-2 -> -2), about to teleport, petrified, on berserk
cooldown, slowed, studying 3 skills
A: horns 2, retaliatory headbutt
a: Renounce Religion, Berserk, Trog's Hand, Brothers in Arms


You were on level 6 of the Lair of Beasts.
You worshipped Trog.
Trog was exalted by your worship.
You visited 2 branches of the dungeon, and saw 18 of its levels.
You also visited: Ossuary and Volcano.

You collected 2496 gold pieces.
You spent 364 gold pieces at shops.

Inventory:

Hand Weapons
 g - a +3 vampiric war axe
 s - a +7 vampiric battleaxe
 X - a +4 broad axe of flaming (weapon)
Missiles
 H - 7 curare-tipped darts
 L - 6 atropa-tipped darts
Armour
 b - a +0 animal skin
 p - a +1 cloak (worn)
 v - a +0 chain mail (worn)
 F - a +0 pair of gloves (worn)
Jewellery
 a - an amulet of reflection
 c - a ring of ice
 d - a +6 ring of dexterity
 j - an amulet of regeneration
 k - a ring of protection from fire (right hand)
 l - the amulet "Maankud" (around neck) {rN++ Regen+}
   (You found it on level 7 of the Dungeon)

   [amulet of regeneration]

   It greatly protects you from negative energy.
   It increases your rate of health regeneration.
 n - an amulet of the acrobat
 G - a +4 ring of protection (left hand)
 N - an amulet of faith
 O - an amulet of guardian spirit
 T - a ring of ice
Wands
 y - a wand of iceblast (27)
 K - a wand of charming (14)
 Q - a wand of acid (10)
 R - a wand of paralysis (18)
 S - a wand of polymorph (9)
 U - a wand of digging (5)
 V - a wand of flame (35)
Scrolls
 q - 3 scrolls of magic mapping
 r - a scroll of fog
 u - 2 scrolls of identify
 E - 3 scrolls of blinking
 J - 2 scrolls of enchant armour
 P - a scroll of teleportation
 W - a scroll of fear
Potions
 e - 6 potions of curing
 f - 4 potions of attraction
 h - a potion of magic
 i - 3 potions of might
 m - 11 potions of heal wounds
 o - 3 potions of lignification
 t - 2 potions of resistance
 w - 2 potions of flight
 x - 7 potions of degeneration
 z - 3 potions of brilliance
 A - 3 potions of haste
 B - a potion of mutation
 D - a potion of invisibility
 I - 2 potions of berserk rage


   Skills:
 + Level 16.3 Fighting
 + Level 15.1 Axes
 + Level 14.9 Armour
 + Level 15.1 Dodging
 - Level 7.1 Invocations


You had 14 spell levels left.
You didn't know any spells.
Your spell library was empty.

Dungeon Overview and Level Annotations

Branches:
Dungeon (12/15)            Temple (0/1) D:6            Lair (6/6) D:9
  Swamp (0/4) Lair:3       Spider (0/4) Lair:2        Slime (0/5) Lair:5
    Orc (0/2) D:12        Ossuary (visited)         Volcano (visited)

Altars:
Cheibriados
Kikubaaqudgha
Okawaru
Trog
Wu Jian
Beogh
Jiyva

Shops:
D:7 !   D:9 *

Annotations:
Lair:1 exclusion: oklob plant
Lair:6 tape's ghost, journeyman TrMo


Innate Abilities, Weirdness & Mutations

You have a pair of horns on your head.
You reflexively headbutt those who attack you in melee.


Message History

The basilisk bites you. Tape's ghost stares at you. Tape's ghost hits you!!
The basilisk bites you. Tape's ghost hits you!! The basilisk gazes at you.
You easily resist.
Tape's ghost hits you!!
* * * LOW HITPOINT WARNING * * *
The basilisk bites you but does no damage.
Tape's ghost hits you.
* * * LOW HITPOINT WARNING * * *
The basilisk bites you!
* * * LOW HITPOINT WARNING * * *
Tape's ghost hits you!
* * * LOW HITPOINT WARNING * * *
The basilisk bites you but does no damage.
Tape's ghost hits you but does no damage.
You turn to flesh and can move again.
You feel very sick. The basilisk gazes at you.
You easily resist.
The basilisk gazes at you.
You are slowing down.
As you read the scroll of teleportation, it crumbles to dust.
You feel strangely unstable.
You feel very sick. Tape's ghost hits you.
* * * LOW HITPOINT WARNING * * *
Tape's ghost hits you!
* * * LOW HITPOINT WARNING * * *
The basilisk bites you but does no damage.
Tape's ghost hits you!
* * * LOW HITPOINT WARNING * * *
You have turned to stone.
The basilisk bites you!
* * * LOW HITPOINT WARNING * * *
Tape's ghost hits you!!
* * * LOW HITPOINT WARNING * * *
The basilisk bites you but does no damage.
Tape's ghost hits you!
You die...

.†###.........................#
...##.........................#
..............)P..............#
...##.†..........P..........P.#
..##.#†#########...##P.....P.##
.##.#..#.......#...#######P###
######.#..###..#....# ###
#..#.!###..'...##
#..#.[.....l@..#
#P.#.[###..W...#
####..#.$###..#..##
##P##..#.......#..#
#......#########..###
#.#...............P.##
.#.[...........†.....#
###.................##
#.#..............#..#


You could see a basilisk and tape's ghost.

Vanquished Creatures
  A fire dragon (Lair:4)
  13 hydras
  A boulder beetle (Lair:5)
  A catoblepas (Lair:4)
  An ogre mage (Volcano)
  8 two-headed ogres
  Sonja (Lair:4)
  A hell knight (Volcano)
  A bog body (Lair:3)
  2 lindwurms (Lair:4)
  An ugly thing (D:12)
  A wolf spider (Lair:6)
  A cyclops (D:12)
  25 elephants
  A guardian serpent (Lair:6)
  A gargoyle (D:12)
  2 molten gargoyles (Volcano)
  12 black mambas
  15 cane toads
  9 rime drakes
  7 komodo dragons
  A jumping spider (Lair:5)
  A troll (D:12)
  2 hornets (Lair:6)
  4 polar bears
  12 blink frogs
  19 dream sheep
  2 redbacks (Lair:5)
  A shadow (D:11)
  A tarantella (Lair:5)
  14 wyverns
  28 yaks
  4 basilisks
  2 fire bats (Volcano)
  13 steam dragons
  2 acid dragons
  27 water moccasins
  10 orc warriors
  A sky beast (D:7)
  An ice beast (D:6)
  2 ogres
  2 black bears
  A necrophage (D:7)
  17 wolves
  5 centaurs
  2 kobold brigands
  A wyvern zombie (D:5)
  8 bullfrogs
  2 scorpions
  9 wights
  12 killer bees
  An electric eel (Lair:1)
  A howler monkey (D:5)
  6 lava snakes (Volcano)
  A crimson imp (D:5)
  6 centaur zombies
  5 hounds
  A jelly (D:5)
  10 orc priests
  2 bullfrog skeletons
  3 iguanas
  A scorpion zombie (D:5)
  8 orc wizards
  A hell rat (Lair:6)
  A hound skeleton (D:4)
  8 mummies (Ossuary)
  2 gnolls (D:3)
  4 adders
  2 shadow imps
  2 white imps
  An adder skeleton (D:4)
  6 worms
  4 dart slugs
  54 orcs
  6 ball pythons
  4 bats
  5 endoplasms
  4 giant cockroaches
  2 gnoll zombies (Ossuary)
  7 goblins
  13 hobgoblins
  4 jackals (D:2)
  4 quokkas
  3 frilled lizards
  A hobgoblin zombie (Ossuary)
  A jackal skeleton (D:4)
  18 kobolds
  A kobold zombie (Ossuary)
  4 orc zombies (Ossuary)
  7 rats
525 creatures vanquished.

Vanquished Creatures (others)
  36 fungi
  68 plants
104 creatures vanquished.

Grand Total: 629 creatures vanquished

Notes
Turn   | Place    | Note
-------+----------+-------------------------------------------
     0 | D:1      | 27snakeeyes612 the Minotaur Berserker began the quest for
                  | the Orb.
     0 | D:1      | Reached XP level 1. HP: 19/19 MP: 0/0
   320 | D:1      | Reached XP level 2. HP: 24/27 MP: 1/1
   551 | D:1      | Reached skill level 4 in Fighting
   916 | D:2      | Reached XP level 3. HP: 33/33 MP: 2/2
  1057 | D:2      | Reached ** piety under Trog
  1086 | D:2      | Reached skill level 1 in Invocations
  1184 | D:2      | Reached XP level 4. HP: 40/40 MP: 3/3
  1375 | D:2      | Found a snail-covered altar of Cheibriados.
  1686 | D:3      | Found a faded altar of an unknown god.
  1725 | D:3      | Found an iron altar of Okawaru.
  2057 | D:3      | Reached *** piety under Trog
  2058 | D:3      | Reached XP level 5. HP: 33/47 MP: 5/5
  2397 | D:4      | Reached XP level 6. HP: 47/55 MP: 6/6
  2463 | D:4      | Reached skill level 5 in Fighting
  2530 | D:4      | Reached skill level 5 in Axes
  3274 | D:5      | Entered Level 5 of the Dungeon
  3332 | D:5      | Noticed a water moccasin
  3339 | D:5      | Killed a water moccasin
  3340 | D:5      | Reached XP level 7. HP: 52/61 MP: 8/8
  3394 | D:5      | Reached skill level 5 in Armour
  3416 | D:5      | Reached skill level 6 in Fighting
  3555 | D:5      | Reached skill level 5 in Dodging
  3555 | D:5      | Reached XP level 8. HP: 62/70 MP: 9/9
  4221 | D:6      | Reached **** piety under Trog
  4255 | D:6      | Reached skill level 7 in Fighting
  4762 | D:6      | Found a staircase to the Ecumenical Temple.
  4867 | D:7      | Reached XP level 9. HP: 79/79 MP: 11/11
  5098 | D:7      | Found Ziexze's Distillery.
  5103 | D:7      | Bought a potion of heal wounds for 80 gold pieces
  5103 | D:7      | Bought a potion of heal wounds for 80 gold pieces
  5103 | D:7      | Bought a potion of might for 64 gold pieces
  5136 | D:7      | Reached skill level 8 in Fighting
  5159 | D:7      | Found a sand-covered staircase.
  5199 | D:7      | Identified the amulet "Maankud" {rN++ Regen+}
  5231 | Ossuary  | Entered an ossuary
  5693 | D:8      | Reached ***** piety under Trog
  6449 | D:8      | Found an ornate altar of the Wu Jian Council.
  6520 | D:9      | Found Owuegai's General Store.
  6523 | D:9      | Bought a potion of haste for 140 gold pieces
  6560 | D:9      | Noticed a two-headed ogre
  6569 | D:9      | Killed a two-headed ogre
  6570 | D:9      | Reached skill level 9 in Fighting
  6570 | D:9      | Reached XP level 10. HP: 69/91 MP: 12/12
  6596 | D:9      | Found a staircase to the Lair.
  6709 | D:9      | Found a large runed translucent door.
  6710 | D:9      | Found a large runed translucent door.
  7109 | D:9      | Found a bloodstained altar of Trog.
  7122 | D:9      | Found an ancient bone altar of Kikubaaqudgha.
  7199 | D:10     | Entered Level 10 of the Dungeon
  7253 | D:10     | Noticed a two-headed ogre
  7260 | D:10     | Killed a two-headed ogre
  7301 | D:10     | Noticed a two-headed ogre
  7309 | D:10     | Killed a two-headed ogre
  7312 | D:10     | Reached skill level 5 in Invocations
  7597 | D:10     | Reached skill level 10 in Fighting
  7597 | D:10     | Reached skill level 10 in Axes
  7907 | D:11     | Noticed a five-headed hydra
  7920 | D:11     | Killed a five-headed hydra
  7921 | D:11     | Reached XP level 11. HP: 70/100 MP: 14/14
  8290 | D:11     | Reached skill level 10 in Armour
  8719 | D:12     | Noticed a purple ugly thing
  8726 | D:12     | Killed a purple ugly thing
  8844 | D:12     | Found a staircase to the Orcish Mines.
  8863 | D:12     | Received a gift from Trog
  9053 | D:12     | Noticed a two-headed ogre
  9063 | D:12     | Killed a two-headed ogre
  9194 | D:12     | Noticed a four-headed hydra
  9206 | D:12     | Killed a four-headed hydra
  9734 | Lair:1   | Entered Level 1 of the Lair of Beasts
 10006 | Lair:1   | Reached skill level 11 in Fighting
 10019 | Lair:1   | Reached skill level 10 in Dodging
 10501 | Lair:1   | Noticed an oklob plant
 10801 | Lair:2   | Noticed a six-headed hydra
 10813 | Lair:2   | Killed a six-headed hydra
 10814 | Lair:2   | Reached XP level 12. HP: 58/110 MP: 16/16
 11004 | Lair:2   | Found a hole to the Spider Nest.
 11368 | Lair:2   | Noticed a seven-headed hydra
 11378 | Lair:2   | Killed a seven-headed hydra
 11697 | Lair:3   | Found a dark tunnel.
 11713 | Volcano  | Entered a volcano
 12061 | Volcano  | Found a radiant altar of Vehumet.
 12061 | Volcano  | Noticed a two-headed ogre
 12061 | Volcano  | Noticed a two-headed ogre
 12061 | Volcano  | Noticed an ogre mage
 12061 | Volcano  | Noticed a two-headed ogre
 12063 | Volcano  | Killed a two-headed ogre
 12064 | Volcano  | Reached skill level 12 in Fighting
 12066 | Volcano  | Killed a two-headed ogre
 12070 | Volcano  | Killed a two-headed ogre
 12076 | Volcano  | Killed an ogre mage
 12157 | Volcano  | Noticed a two-headed ogre
 12161 | Volcano  | Killed a two-headed ogre
 12237 | Lair:3   | Received a gift from Trog
 12330 | Lair:3   | Found a staircase to the Swamp.
 12496 | Lair:3   | Identified the +2 pair of gloves "Dozef" {Contam Int+5
                  | Dex+5}
 12637 | Lair:3   | Reached XP level 13. HP: 118/119 MP: 17/17
 12871 | Lair:4   | Reached skill level 13 in Fighting
 13243 | Lair:4   | Received a gift from Trog
 13258 | Lair:4   | Identified 2 scrolls of acquirement
 13258 | Lair:4   | Acquired 885 gold pieces
 13259 | Lair:4   | Acquired a manual of Dodging
 13352 | Lair:4   | Noticed Sonja
 13358 | Lair:4   | Killed Sonja
 13409 | Lair:4   | Noticed a fire dragon
 13421 | Lair:4   | Killed a fire dragon
 14283 | Lair:5   | Found a runed translucent door.
 14363 | Lair:5   | Reached skill level 14 in Fighting
 14442 | Lair:5   | Reached XP level 14. HP: 125/132 MP: 18/18
 14784 | Lair:5   | Found a viscous altar of Jiyva.
 14784 | Lair:5   | Found a staircase to the Slime Pits.
 14858 | Lair:5   | Reached skill level 15 in Fighting
 14858 | Lair:5   | Reached XP level 15. HP: 135/141 MP: 19/19
 15125 | Lair:5   | Identified the +2 hat "Umocame" {Will- Int+5}
 15165 | Lair:5   | Identified the +7 whip "Xanoogopp" {antimagic, rF+ Str+4
                  | Dex-3}
 15281 | Lair:6   | Entered Level 6 of the Lair of Beasts
 15378 | Lair:6   | Reached ****** piety under Trog
 15467 | Lair:6   | Paralysed by a hornet for 3 turns
 15474 | Lair:6   | Received a gift from Trog
 15572 | Lair:6   | Reached skill level 16 in Fighting
 15966 | Lair:6   | Noticed tape's ghost (journeyman TrMo)
 16058 | Lair:6   | Reached skill level 15 in Axes
 16223 | Lair:6   | Found a runed translucent gate.
 16224 | Lair:6   | Found a runed translucent gate.
 16224 | Lair:6   | Found a runed translucent gate.
 16241 | Lair:6   | Reached skill level 15 in Dodging
 16315 | Lair:6   | HP: 5/145 [tape's ghost (9)]
 16316 | Lair:6   | Slain by tape's ghost

Illustrated notes

Levels and vault maps discovered:
D:1:      onia_arrival_mini_maze_b, layout_rooms, serial_curves, eino_curves_03,
          eino_curves_02, st_stairs_3
D:2:      layout_rooms, basic_altar, lexackson_kobold_supper
D:3:      layout_basic, okawaru_altar_gauntlet_db,
          hellmonk_ecumenical_altar_pennies_from_heaven
D:4:      layout_basic, minmay_manual_mess
D:5:      layout_cave_pools, minmay_crystal_water, minmay_fire_ice_demons
D:6:      layout_loops_ring, temple_hall
D:7:      layout_basic, lightli_ossuary_entry_decrepit_ruins, serial_shops,
          shop_fountains
D:8:      layout_basic, nzn_wu_jian_council_hall
D:9:      layout_loops_ring, jmf_multi_god_temple2, lair_entry_dummy,
          serial_shops, nicolae_stop_n_shop_1
D:10:     layout_loops_ring
D:11:     layout_loops_cross
D:12:     layout_irregular_city, david_orc_5, serial_rivers,
          chequers_serial_rivers_micro_e, chequers_serial_rivers_room_b,
          chequers_serial_rivers_large_b, chequers_serial_rivers_micro_e,
          chequers_serial_rivers_micro_c, chequers_serial_rivers_room_a
Lair:1:   layout_loops_ring, nicolae_quartered_pool_super, serial_bayou_pond_b,
          grunt_megastairs_1, lemuel_fruit_tree, minmay_lair_oklob_chamber
Lair:2:   layout_regular_city, spider_nest_entry_web_field, grunt_megastairs_2
Lair:3:   beast_lair_carwin_large_2, layout_misc_corridors,
          skrybe_swamp_entry_bodies, nicolae_volcano_entry_hallway,
          infiniplex_staircase_pool_2
Lair:4:   layout_small_grid, bobbens_dragon_lair_wall, grunt_megastairs_4,
          uniq_sonja
Lair:5:   gammafunk_indiana_jones, layout_long_grid,
          dpeg_slime_entry_enclosed_altar
Lair:6:   hangedman_lair_tendril_chambers, layout_hall_layers,
          guppyfry_lair_end_dragon, gammafunk_ghost_split, serial_bayou_shore_b

Skill      XL: |  1  2  3  4  5  6  7  8  9 10 11 12 13 14 15 |
---------------+----------------------------------------------+-----
Axes           | 4 5 6 7 9 10 11 12 14 15 | 15.1
Fighting       | 4 5 6 7 9 10 11 12 14 15 16 | 16.3
Armour         | 3 4 5 6 8 9 11 12 13 14 | 14.9
Invocations    | 1 2 3 4 5 7 |  7.1
Dodging        | 3 4 5 6 8 9 10 11 13 15 | 15.1

Action                   |  1- 3 |  4- 6 |  7- 9 | 10-12 | 13-15 || total
-------------------------+-------+-------+-------+-------+-------++-------
Melee: Hand axe          |    38 |       |       |       |       ||    38
       Headbutt          |    16 |    26 |    42 |   125 |   140 ||   349
       War axe           |    24 |   104 |   223 |       |       ||   351
       Battleaxe         |       |       |    16 |   383 |   433 ||   832
       Flail             |       |       |       |    33 |     4 ||    37
       Broad axe         |       |       |       |       |    16 ||    16
       Whip              |       |       |       |       |     2 ||     2
Invok: Berserk           |       |     1 |     1 |     5 |     4 ||    11
       Trog's Hand       |       |       |     1 |     1 |       ||     2
  Use: Scroll            |       |       |    24 |       |    14 ||    38
       Potion            |       |       |       |     2 |     1 ||     3
 Stab: Sleeping          |       |     3 |       |       |       ||     3
Armor: Animal skin       |    11 |    22 |       |       |       ||    33
       Chain mail        |       |     6 |   127 |   298 |   413 ||   844
Dodge: Dodged            |    51 |    46 |   140 |   381 |   591 ||  1209

Table legend: (Time is in decaauts)
 A = Elapsed time spent in this place.
 B = Non-inter-level travel time spent in this place.
 C = Inter-level travel time spent in this place.
 D = Time resting spent in this place.
 E = Time spent auto-exploring this place.
 F = Levels seen in this place.
 G = Mean time per level.
                   A        B        C        D        E       F      G
               +--------+--------+--------+--------+--------+-----+--------+
         Total |  16577 |  15618 |    959 |    579 |  12119 |  20 |  828.8 |
       Dungeon |   9851 |   9125 |    726 |    243 |   7481 |  12 |  820.9 |
          Lair |   6019 |   5786 |    233 |    245 |   4398 |   6 | 1003.2 |
       Ossuary |    199 |    199 |      0 |      0 |    123 |   1 |  199.0 |
       Volcano |    506 |    506 |      0 |     90 |    115 |   1 |  506.0 |
               +--------+--------+--------+--------+--------+-----+--------+

Top non-repeatable levels by time:
  Lair:1: 1118 daAuts
  Lair:4: 1099 daAuts
  Lair:6: 1056 daAuts
  Lair:5: 1051 daAuts
     D:4: 989 daAuts
  Lair:2: 975 daAuts
    D:12: 951 daAuts
    D:11: 922 daAuts
     D:1: 912 daAuts
     D:8: 886 daAuts
     D:6: 861 daAuts
     D:5: 812 daAuts
     D:9: 769 daAuts
     D:3: 764 daAuts
  Lair:3: 719 daAuts
